 Dungeon Crawl Stone Soup version 0.26-a0-708-g17f3b190f9 (webtiles) character file.

Game seed: 9459592589374051202

169 robertstho the Skirmisher (level 5, -4/42 HPs)
             Began as a Demonspawn Abyssal Knight on Oct 29, 2020.
             Was a Believer of Lugonu.
             Slain by a gnoll
             ... wielding a +0 halberd
              (12 damage)
             ... on level 4 of the Dungeon.
             The game lasted 00:04:56 (4035 turns).

robertstho the Skirmisher (DsAK)                    Turns: 4035, Time: 00:04:56

Health: -4/42      AC:  7    Str: 13    XL:     5   Next: 25%
Magic:  7/7        EV: 10    Int: 14    God:    Lugonu [**....]
Gold:   208        SH:  0    Dex: 12    Spells: 4/4 levels left

rFire    . . .     SeeInvis .   l - +2 dagger (speed)
rCold    . . .     Faith    .   (no shield)
rNeg     . . .     Spirit   .   j - +0 ring mail
rPois    .         Reflect  .   (no helmet)
rElec    .         Harm     .   (no cloak)
rCorr    .         Rampage  .   (no gloves)
MR       .....                  m - +1 pair of boots
Stlth    +.........             (no amulet)
HPRegen  0.14/turn              (no ring)
MPRegen  0.10/turn              (no ring)

@: no status effects
A: powered by death 1, powered by pain 1
a: Depart the Abyss, Bend Space, Renounce Religion


You were on level 4 of the Dungeon.
You worshipped Lugonu.
Lugonu was pleased with you.
You visited 1 branch of the dungeon, and saw 4 of its levels.
You visited the Abyss 1 time.

You collected 208 gold pieces.

Inventory:

Hand Weapons
 a - a +1 spear
 l - a +2 dagger of speed (weapon)
 p - a +2 dagger of flaming
Missiles
 k - 22 poisoned darts (quivered)
Armour
 b - a +0 leather armour
 j - a +0 ring mail (worn)
 m - a +1 pair of boots (worn)
Jewellery
 i - a +6 ring of dexterity {unknown}
Scrolls
 c - a scroll of blinking {unknown}
 d - a scroll of teleportation
 f - a scroll of enchant weapon {unknown}
 g - a scroll of remove curse
 h - 2 scrolls of enchant armour
Potions
 e - a potion of heal wounds {unknown}
 o - a potion of stabbing


   Skills:
 * Level 4.0 Fighting
 + Level 0.5 Short Blades
 + Level 2.8 Polearms
 + Level 2.9 Armour
 + Level 1.5 Dodging
 * Level 3.3 Invocations


You had 4 spell levels left.
You didn't know any spells.
Your spell library was empty.

Dungeon Overview and Level Annotations

Branches:
Dungeon (4/15)
 Temple: D:4-7

Altars:
Ashenzari
Cheibriados
Fedhas
Kikubaaqudgha
Zin


Innate Abilities, Weirdness & Mutations

You regenerate a little health from kills.
You sometimes gain a little power by taking damage.


Message History

The gnoll is moderately wounded.
You closely miss the gnoll.
The gnoll is moderately wounded.
A gnoll comes into view.
The gnoll hits you with a +0 halberd.
You closely miss the gnoll.
The gnoll is moderately wounded.
The gnoll throws a throwing net.
The throwing net hits you.
You become entangled in the net!
You struggle against the net.
The gnoll hits you with a +0 halberd! The gnoll hits you!
You tear a large gash into the net.
The gnoll hits you with a +0 halberd!
* * * LOW HITPOINT WARNING * * *
The gnoll hits you.
* * * LOW HITPOINT WARNING * * *
You rip the net and break free!
The gnoll hits you but does no damage. x2
You hit the gnoll but do no damage.
The gnoll is lightly wounded.
The gnoll hits you from afar with a +0 halberd!
You die...

### ##.## #?..##
....# ...#
#.######.####.##
#...g.[.g......#
########g####.#
##@## ##...##
##.....##
##.<.....##
#.........#
)....'.........+
..#.##.........#
# ##.......##
##...).##


You could see 2 gnolls.

Vanquished Creatures
  6 adders
  2 oozes
  3 worms
  6 leopard geckos
  10 orcs (D:3)
  5 bats
  8 giant cockroaches
  8 goblins
  4 hobgoblins
  8 jackals (D:3)
  A quokka (D:4)
  4 frilled lizards
  6 kobolds
  5 rats
76 creatures vanquished.

Notes
Turn   | Place    | Note
-------+----------+-------------------------------------------
     0 | Abyss:1  | robertstho the Demonspawn Abyssal Knight began the quest
                  | for the Orb.
     0 | Abyss:1  | Reached XP level 1. HP: 18/18 MP: 2/2
    81 | Abyss:1  | Noticed a red devil
    82 | D:1      | Escaped the Abyss
   503 | D:1      | Reached * piety under Lugonu
   503 | D:1      | Gained mutation: You regenerate a little health from kills.
                  | [demonic ancestry]
   503 | D:1      | Reached XP level 2. HP: 13/24 MP: 4/4
  1277 | D:2      | Found a snail-covered altar of Cheibriados.
  1283 | D:2      | Reached XP level 3. HP: 26/29 MP: 5/5
  1713 | D:2      | Reached skill level 1 in Dodging
  1925 | D:2      | Found a glowing silver altar of Zin.
  2159 | D:2      | Found a broken altar of Ashenzari.
  2232 | D:3      | Gained mutation: You sometimes gain a little power by
                  | taking damage. [demonic ancestry]
  2232 | D:3      | Reached XP level 4. HP: 33/37 MP: 6/6
  2403 | D:3      | Reached ** piety under Lugonu
  2412 | D:3      | Found an ancient bone altar of Kikubaaqudgha.
  2414 | D:3      | Found a blossoming altar of Fedhas.
  2738 | D:3      | Reached XP level 5. HP: 15/42 MP: 7/7
  3186 | D:3      | Reached skill level 4 in Fighting
  3626 | D:4      | Noticed a phantom
  4035 | D:4      | Slain by a gnoll

Illustrated notes

Levels and vault maps discovered:
D:1:      lightli_arrival_chessboard, layout_loops_ring, minmay_tiny_reverse_x
D:2:      layout_loops_ring, nicolae_overflow_hidden_temple, marbit_many_paths,
          cheibriados_altar_1
D:3:      layout_basic, grunt_temple_overflow_growth_and_decay,
          gup_sewer_entry_pipe
D:4:      layout_loops_corners, lemuel_coloured_pillars_altar

Skill      XL: |  1  2  3  4  5 |
---------------+----------------+-----
Armour         | 2 |  2.9
Polearms       | 2 |  2.8
Dodging        | 1 |  1.5
Invocations    | 3 |  3.3
Fighting       | 4 |  4.0
Short Blades   | |  0.5

Action                   |  1- 3 |  4- 6 || total
-------------------------+-------+-------++-------
Melee: Spear             |   151 |    29 ||   180
       Dagger            |       |   188 ||   188
Invok: Depart the Abyss  |     1 |       ||     1
  Use: Potion            |     1 |     3 ||     4
       Scroll            |       |     6 ||     6
Armor: Leather armour    |    22 |       ||    22
       Ring mail         |    24 |    72 ||    96
Dodge: Dodged            |    62 |    90 ||   152

Table legend: (Time is in decaauts)
 A = Elapsed time spent in this place.
 B = Non-inter-level travel time spent in this place.
 C = Inter-level travel time spent in this place.
 D = Time resting spent in this place.
 E = Time spent auto-exploring this place.
 F = Levels seen in this place.
 G = Mean time per level.
                   A        B        C        D        E       F      G
               +--------+--------+--------+--------+--------+-----+--------+
         Total |   4033 |   3787 |    246 |    670 |   2429 |   5 |  806.6 |
       Dungeon |   3951 |   3705 |    246 |    670 |   2348 |   4 |  987.8 |
         Abyss |     82 |     82 |      0 |      0 |     81 |   1 |   82.0 |
               +--------+--------+--------+--------+--------+-----+--------+

Top non-repeatable levels by time:
     D:3: 1402 daAuts
     D:2: 1354 daAuts
     D:1: 1027 daAuts
     D:4: 166 daAuts
 Abyss:1: 82 daAuts
